 Dungeon Crawl Stone Soup version 0.27-a0-1555-g0e7b3fb1d2 (webtiles) character file.

Game seed: 8263139563026788882

44 Lemonice the Skirmisher (level 3, -7/30 HPs)
             Began as a Formicid Abyssal Knight on July 15, 2021.
             Was a Follower of Lugonu.
             Mangled by Jessica (9 damage)
             ... on level 2 of the Dungeon.
             The game lasted 00:04:06 (1777 turns).

Lemonice the Skirmisher (Formicid Abyssal Knight)   Turns: 1777, Time: 00:04:07

Health: -7/30      AC:  3    Str: 15 (17) XL:     3   Next: 85%
Magic:  4/4        EV: 11    Int: 10 (11) God:    Lugonu [*.....]
Gold:   81         SH:  0    Dex:  8 (10) Spells: 2/2 levels left

rFire    . . .     SeeInvis +   a - +1 hand axe
rCold    . . .     Faith    .   (no shield)
rNeg     . . .     Spirit   .   b - +0 leather armour
rPois    .         Reflect  .   (helmet unavailable)
rElec    .         Harm     .   (no cloak)
rCorr    .         Rampage  .   (no gloves)
Will     .....                  (no boots)
Stlth    +.........             (no amulet)
HPRegen  0.10/turn              (no ring)
MPRegen  0.09/turn              (no ring)

@: attractive
A: permanent stasis, dig shafts and tunnels, antennae 3, four strong arms
a: Dig, Shaft Self, Renounce Religion, Depart the Abyss


You were on level 2 of the Dungeon.
You worshipped Lugonu.
Lugonu was aware of your devotion.
You visited 1 branch of the dungeon, and saw 2 of its levels.
You visited the Abyss 1 time.

You collected 81 gold pieces.

Inventory:

Hand Weapons
 a - a +1 hand axe (weapon)
Armour
 b - a +0 leather armour (worn)
Scrolls
 f - a scroll of blinking
 h - a scroll of amnesia {unknown}
 j - a scroll of enchant armour {unknown}
 k - a scroll of acquirement {unknown}


   Skills:
 + Level 4.0 Fighting
 + Level 2.7 Axes
 + Level 2.6 Armour
 + Level 0.9 Dodging
 + Level 1.1 Stealth
 - Level 2.1 Invocations


You had 2 spell levels left.
You didn't know any spells.
Your spell library contained the following spells:

 Spells                   Type           Power      Damage    Failure   Level
 Call Canine Familiar     Summ           0%         N/A       80%         3
 Portal Projectile        Hex/Tloc       0%         N/A       80%         3
 Leda's Liquefaction      Hex/Erth       0%         N/A       99%         4


Dungeon Overview and Level Annotations

Branches:
Dungeon (2/15)

Altars:

Annotations:
D:2 Jessica, Terence


Innate Abilities, Weirdness & Mutations

You cannot be hasted, slowed, berserked, paralysed or teleported.
You can dig through walls and to a lower floor.
You have a pair of large antennae on your head. (SInv)
Your four strong arms can wield two-handed weapons with a shield.


Message History

You hit Terence but do no damage. Terence hits you with a +0 war axe.
You hit Terence but do no damage. Terence barely misses you.
You hit Terence but do no damage. Terence hits you but does no damage.
You hit Terence but do no damage. Terence barely misses you.
It was a potion of degeneration.
There was something very wrong with that liquid.
You feel weakened.
You feel dopey.
You feel clumsy. Terence hits you with a +0 war axe!
* * * LOW HITPOINT WARNING * * *
It was a potion of berserk rage.
Your stasis prevents you from going berserk.
Terence barely misses you.
It was a potion of attraction.
You feel attractive to monsters. Terence closely misses you.
You closely miss Terence. Terence barely misses you.
Terence hits you but does no damage.
You hit Terence.
Terence is moderately wounded.
Terence misses you.
You closely miss Terence.
Terence is moderately wounded.
Jessica the Apprentice Sorceress comes into view.
She is wielding a +0 flail.
Jessica is pulled toward you! Jessica is pulled toward you!
There is a stone staircase leading up here.
Jessica shouts!
Jessica mumbles some strange words.
Jessica seems to speed up.
Terence closely misses you. Jessica is pulled toward you!
As you read the scroll labelled GUTTAU OTAU, it crumbles to dust.
It is a scroll of identify.
f - a scroll of blinking Jessica is pulled toward you!
As you read the scroll labelled GEV LIERGHORCH, it crumbles to dust.
You feel aware of your surroundings.
It was a scroll of magic mapping.
Jessica hits you with a +0 flail.
* * * LOW HITPOINT WARNING * * *
Terence closely misses you. Jessica hits you with a +0 flail!
You die...

...,,,,*#.##.#.# #..,,# #.##.....
....,,,*#.#....# ###****#.###...h
.....,,*#...†### *..# ##...
......###....## *.## ####
........†..#..## *.*
...#....##.##÷.## *,*
#.......##.###.<# *,* ****
##..#..........@### *,* *,,,
#..*#......####@@.#* *,* *,,,
..,*####.### #.#..#* *,* *,,,
.*** *.# #.....#***,*****,,, ,*
*.# ###.#...,,,,,,,,,,, ,*** *,*
*....#.#,******** ,,,*****,*****
*##,....,,,,,* ,,,,,,,,,,,,,*
*,*...,,,,,*
,,,,,,,,,,,,,******,*...,,,,,*
,,,,,,,,,,,,,,,,,,,,*,,,,,,,,****


You could see Terence and Jessica (fast).

Vanquished Creatures
  2 dart slugs
  2 bats
  5 endoplasms
  A giant cockroach (D:1)
  4 hobgoblins
  6 jackals
  A quokka (D:1)
  2 ball pythons (D:1)
  4 frilled lizards
  A goblin (D:1)
  4 kobolds (D:1)
  3 rats (D:1)
35 creatures vanquished.

Notes
Turn   | Place    | Note
-------+----------+-------------------------------------------
     0 | Abyss:1  | Lemonice the Formicid Abyssal Knight began the quest for
                  | the Orb.
     0 | Abyss:1  | Reached XP level 1. HP: 18/18 MP: 2/2
    29 | Abyss:1  | Noticed a ynoxinul
    29 | Abyss:1  | Noticed a smoke demon
    31 | D:1      | Escaped the Abyss
   502 | D:1      | Reached XP level 2. HP: 16/24 MP: 3/3
   611 | D:1      | Found a faded altar of an unknown god.
   712 | D:1      | Reached * piety under Lugonu
  1034 | D:1      | Reached XP level 3. HP: 30/30 MP: 4/4
  1539 | D:2      | Reached skill level 4 in Fighting
  1544 | D:2      | Reached skill level 1 in Stealth
  1743 | D:2      | Noticed Terence
  1772 | D:2      | Noticed Jessica
  1777 | D:2      | Mangled by Jessica

Illustrated notes

Levels and vault maps discovered:
D:1:      amcnicky_arrival_flooded_fountain, layout_loops_ring,
          ebering_ecumenical_altar_box, grunt_decor_resistance,
          minmay_small_reverse_x
D:2:      layout_rooms, chequers_serial_rivers_micro_d, uniq_terence,
          uniq_jessica

Skill      XL: |  1  2  3 |
---------------+----------+-----
Fighting       | 4 |  4.0
Stealth        | 1 |  1.1
Axes           | |  2.7
Armour         | |  2.6
Dodging        | |  0.9
Invocations    | |  2.1

Action                   || total
-------------------------++-------
Melee: Hand axe          ||   119
Invok: Depart the Abyss  ||     1
  Use: Potion            ||     3
       Scroll            ||     2
 Stab: Sleeping          ||     1
Armor: Leather armour    ||    31
Dodge: Dodged            ||    71

Table legend: (Time is in decaauts)
 A = Elapsed time spent in this place.
 B = Non-inter-level travel time spent in this place.
 C = Inter-level travel time spent in this place.
 D = Time resting spent in this place.
 E = Time spent auto-exploring this place.
 F = Levels seen in this place.
 G = Mean time per level.
                   A        B        C        D        E       F      G
               +--------+--------+--------+--------+--------+-----+--------+
         Total |   1799 |   1636 |    163 |      0 |   1216 |   3 |  599.7 |
       Dungeon |   1768 |   1605 |    163 |      0 |   1216 |   2 |  884.0 |
         Abyss |     31 |     31 |      0 |      0 |      0 |   1 |   31.0 |
               +--------+--------+--------+--------+--------+-----+--------+

Top non-repeatable levels by time:
     D:1: 1467 daAuts
     D:2: 300 daAuts
 Abyss:1: 31 daAuts
